 Dungeon Crawl Stone Soup version 0.30.0-17-ge0270778cf (webtiles) character file.

Game seed: 5442902996167199395

22 RascalDebosk the Magician (level 3, 18/28 HPs)
             Began as a Djinni Warper on May 21, 2023.
             Quit the game on level 2 of the Dungeon.
             The game lasted 00:03:52 (1048 turns).

RascalDebosk the Magician (Djinni Warper)           Turns: 1048, Time: 00:03:52

Health: 18/28      AC:  3    Str: 10    XL:     3   Next: 7%
Gold:   53         EV: 11    Int: 16    God:
                   SH:  0    Dex: 12

rFire   + + +        a - +0 falchion
rCold   x . .        (no shield)
rNeg    . . .        b - +0 leather armour
rPois   ∞            (no helmet)
rElec   .            (no cloak)
rCorr   .            (no gloves)
SInv    .            (boots unavailable)
Will    .....        (no amulet)
Stlth   +            h - ring of protection from fire
HPRegen 0.24/turn    (no ring)
MPRegen 0.00/turn

%: no passive effects
@: flying
A: sickness immunity, fire resistance 2, cold vulnerability 1, float, innate
caster, HP casting, extra vitality 1
a: no special abilities


You were on level 2 of the Dungeon.
You visited 1 branch of the dungeon, and saw 2 of its levels.

You collected 53 gold pieces.

Inventory:

Hand Weapons
 a - a +0 falchion (weapon)
Missiles
 d - 7 boomerangs of dispersal (quivered)
Armour
 b - a +0 leather armour (worn)
Jewellery
 h - a ring of protection from fire (left hand)
Scrolls
 c - a scroll of teleportation {unknown}
 e - a scroll of torment {unknown}
 g - a scroll of blinking
 i - a scroll of enchant armour {unknown}
 j - a scroll of identify {unknown}
Potions
 f - 2 potions of curing {unknown}


   Skills:
 - Level 2.0 Fighting
 - Level 1.7 Long Blades
 - Level 0.7 Throwing
 - Level 1.0 Armour
 - Level 2.1 Dodging
 + Level 3.2 Spellcasting


You knew the following spells:

 Your Spells              Type           Power      Damage    Failure   Level
a - Blink                 Tloc           24%        N/A       10%         2
b - Lesser Beckoning      Tloc           24%        N/A       10%         2
c - Vhi's Electric Charg  Tloc/Air       24%        N/A       21%         3
d - Teleport Other        Tloc           12%        N/A       21%         3
e - Manifold Assault      Tloc           12%        N/A       54%         4
f - Foxfire               Conj/Fire      48%        2x1d6     7%          1
Your spell library was empty.

Dungeon Overview and Level Annotations

Branches:
Dungeon (2/15)

Altars:


Innate Abilities, Weirdness & Mutations

You are immune to sickness and miasma.
You are immune to poison.
Your flesh is very heat resistant. (rF++)
You are vulnerable to cold. (rC-)
You float through the air rather than walking.
You learn spells naturally, not from books.
Your magical power is your life essence.
You have superior vitality. (+4 MHP)


Message History

You closely miss the goblin.
The goblin is moderately wounded.
The goblin hits you with a +0 dagger.
You slash the goblin!
You kill the goblin!
You see here a +0 dagger.
You reach down and open the door.
There is an open door here.
You reach down and open the door.
There is an open door here.
You reach down and open the door.
Found a stone staircase leading down.
There is an open door here.
As you open the door, it creaks loudly!
There is an open door here.
You reach down and open the door.
There is an open door here.
There is an open door here.
Found a faded altar of an unknown god.
A kobold comes into view.
It is wielding a +1 short sword of flaming.
The kobold shouts!
The kobold closely misses you.
You hit the kobold.
The kobold is moderately wounded.
The kobold closely misses you.
You hit the kobold.
You kill the kobold!
Your Spellcasting skill increases to level 3!
Things that are here:
a +1 short sword of flaming; 4 stones You now have 38 gold pieces (gained 1).
You now have 39 gold pieces (gained 1).
There is a faded altar of an unknown god here.
Things that are here:
a +1 short sword of flaming; 4 stones Done exploring.
Done exploring.
Things that are here:
a +1 short sword of flaming; 4 stones
There is an open door here.
There is a stone staircase leading down here.
You fly downwards.
Found 3 gold pieces.
There is a stone staircase leading up here.
You now have 42 gold pieces (gained 3).
A frilled lizard comes into view.
The frilled lizard hisses angrily.
The frilled lizard barely misses you.
The frilled lizard attacks as you move away!
The frilled lizard closely misses you.
You closely miss the frilled lizard. The frilled lizard closely misses you.
You hit the frilled lizard but do no damage.
The frilled lizard barely misses you.
You barely miss the frilled lizard. The frilled lizard closely misses you.
You barely miss the frilled lizard. The frilled lizard bites you.
You closely miss the frilled lizard.
The frilled lizard bites you but does no damage. x2
You barely miss the frilled lizard.
The frilled lizard bites you but does no damage.
You miss the frilled lizard. The frilled lizard misses you.
You miss the frilled lizard. The frilled lizard closely misses you.
You closely miss the frilled lizard. The frilled lizard misses you.
You closely miss the frilled lizard.
The frilled lizard barely misses you. x2
You hit the frilled lizard.
You kill the frilled lizard!
Found a scroll labelled FAGIKUCVICLEE.
j - a scroll labelled FAGIKUCVICLEE The kobold shouts!
You hear a shout!
A hobgoblin comes into view.
There is a stone staircase leading up here.
You closely miss the kobold. The kobold hits you but does no damage.
You hit the kobold.
You kill the kobold!
You closely miss the hobgoblin. The hobgoblin barely misses you.
You slash the hobgoblin!
You kill the hobgoblin!
You now have 53 gold pieces (gained 11).
Things that are here:
a +0 dagger; a hobgoblin corpse; a kobold corpse
Found a stone staircase leading up.
Found an escape hatch in the ceiling.
An ufetubus comes into view.
You hit the ufetubus.
The ufetubus is heavily wounded.
The ufetubus hits you. x3
The ufetubus hits you but does no damage.
You barely miss the ufetubus.
The ufetubus is heavily wounded.
The ufetubus barely misses you. x4
You hit the ufetubus.
You kill the ufetubus!
You have reached level 3!
Your experience leads to an increase in your attributes!
Increase (s)trength, (i)ntelligence, or (d)exterity?
You feel clever. x2
The power to cast Foxfire wells up from within.
Spell assigned to 'f'.
Are you sure you want to abandon this character and quit the game? (Confirm with "yes".)
Okay, then.
Are you sure you want to abandon this character and quit the game? (Confirm with "yes".)

#..... #.....
#############.....
#<................
#...##............
#................
#.......<........
####...............
#.@................
#...###..............
#... #.....#........
#... ......####.....
#### .......# ##.##.
.#....... .. ..
......## ......


There were no monsters in sight!

Vanquished Creatures
  An ufetubus (D:2)
  3 bats (D:1)
  An endoplasm (D:1)
  A giant cockroach (D:1)
  2 goblins (D:1)
  2 hobgoblins
  A ball python (D:1)
  A frilled lizard (D:2)
  4 kobolds
  A rat (D:1)
17 creatures vanquished.

Notes
Turn   | Place    | Note
-------+----------+-------------------------------------------
     0 | D:1      | RascalDebosk the Djinni Warper began the quest for the Orb.
     0 | D:1      | RascalDebosk set off with the following spells memorised:
                  | Blink, Lesser Beckoning, Vhi's Electric Charge, Teleport
                  | Other, Manifold Assault.
     0 | D:1      | Reached XP level 1. HP: 18/18 MP: 0/0
   435 | D:1      | Reached XP level 2. HP: 16/23 MP: 0/0
   901 | D:1      | Found a faded altar of an unknown god.
   907 | D:1      | Reached skill level 3 in Spellcasting
  1048 | D:2      | Reached XP level 3. HP: 18/28 MP: 0/0
  1048 | D:2      | Learned a level 1 spell: Foxfire
  1048 | D:2      | Quit the game

Illustrated notes

Levels and vault maps discovered:
D:1:      tarquinn_simple_flora_water_f, layout_loops_corners,
          hellmonk_ecumenical_altar_pennies_from_heaven
D:2:      layout_rooms, uniq_natasha, uniq_terence, uniq_crazy_yiuf_cottage

Skill      XL: |  1  2 |
---------------+-------+-----
Spellcasting   | 3 |  3.2
Fighting       | |  2.0
Long Blades    | |  1.7
Throwing       | |  0.7
Armour         | |  1.0
Dodging        | |  2.1

Action                     || total
---------------------------++-------
  Melee: Falchion          ||    65
   Stab: Sleeping          ||     1
 Armour: Leather armour    ||    24
  Dodge: Dodged            ||    51
